 Dungeon Crawl Stone Soup version 0.31-a0-875-g02e7d12df6 (webtiles) character file.

Game seed: 13368073619160799372

8 Azuregosa the Sneak (level 2, 0/21 HPs)
             Began as an Octopode Delver on Oct 12, 2023.
             Was an Initiate of Sif Muna.
             Killed by nerve-wracking pain
             ... invoked by an orc priest
              (9 damage)
             ... on level 4 of the Dungeon.
             The game lasted 00:01:16 (207 turns).

Azuregosa the Sneak (Octopode Delver)                Turns: 207, Time: 00:01:17

Health: 0/21       AC:  1    Str: 11    XL:     2   Next: 8%
Magic:  2/2        EV: 13    Int: 12    God:    Sif Muna [......]
Gold:   0          SH:  0    Dex: 13    Spells: 1/1 levels left

rFire   . . .        a - +0 spear
rCold   . . .        (no shield)
rNeg    . . .        (helmet restricted)
rPois   .            (no amulet)
rElec   .            (no ring)
rCorr   .            (no ring)
SInv    .            (no ring)
Will    .....        (no ring)
Stlth   ++++         (no ring)
HPRegen 0.23/turn    (no ring)
MPRegen 0.08/turn    (no ring)
                     (no ring)

%: no passive effects
@: no status effects
A: almost no armour, amphibious, 8 rings, camouflage 1, gelatinous body 1,
(nimble swimmer 1), tentacles
a: Renounce Religion


You were on level 4 of the Dungeon.
You worshipped Sif Muna.
Sif Muna was noncommittal.
You visited 1 branch of the dungeon, and saw 3 of its levels.

Inventory:

Hand Weapons
 a - a +0 spear (weapon)
Jewellery
 g - a +5 ring of evasion
Wands
 f - a wand of digging (3)
Scrolls
 b - a scroll of fog
 c - a scroll of revelation
 d - a scroll of fear
Potions
 e - a potion of haste
 h - a potion of invisibility {unknown}


   Skills:
 - Level 3.0 Fighting
 - Level 2.0 Polearms
 - Level 2.0 Dodging
 + Level 7.2 Stealth


You had one spell level left.
You didn't know any spells.
Your spell library was empty.

Dungeon Overview and Level Annotations

Branches:
Dungeon (6/15)
 Temple: D:4-7

Altars:
Sif Muna


Innate Abilities, Weirdness & Mutations

You cannot wear most types of armour.
You are amphibious.
You can wear up to eight rings at the same time.
Your skin changes colour to match your surroundings (Stealth+).
Your rubbery body absorbs attacks. (AC +1, EV +1)
((You are camouflaged when in or above water. (Stealth+)))
You have tentacles for arms and can constrict up to eight enemies at once.


Message History

A goblin comes into view. It is wielding a +0 club.
Found 10 gold pieces.
Found a bronze ring.
There is an open door here.
The helpless goblin fails to defend itself.
You hit the goblin. Your grab misses the goblin.
Your squeeze misses the goblin.
The goblin is severely wounded.
The goblin hits you with a +0 club.
You barely miss the goblin. Your grab misses the goblin.
Your squeeze misses the goblin.
The goblin is severely wounded.
The goblin closely misses you.
You hit the goblin.
You kill the goblin!
Sif Muna accepts your kill.
You close the door.
g - a +5 ring of evasion You open the door.
There is an open door here.
You open the door.
There is an open door here.
Found a trident and a red potion.
You open the door.
h - a red potion As you open the large door, it creaks loudly!
An orc, an orc wizard and an orc priest come into view.
The orc wizard is wielding a +0 dagger and wearing a +2 robe of fire resistance.
The orc priest shouts!
You hear a shout!
The orc wizard shouts!
The orc wizard casts a spell.
The orc wizard flickers and vanishes!
Deactivating autopickup; reactivate with Ctrl-A.
Found 12 gold pieces.
An orc comes into view. It is wielding a +0 short sword.
The orc priest invokes the aid of Beogh against you.
Beogh smites you!
Ouch! That really hurt!
The orc priest invokes the aid of Beogh against you.
Pain shoots through your body!
You die...

#..........# ..
#...)......# ...
#..........# ....
#######..........##.oo$.
+.....'..........'o.....
######..........#
#..........+
#..........#
#......@...#
####'####...... ## #.#
#.......
+.###'####.......
#........+.......
###......#.......
#....#[#.......
#....#.........
#....##........


You could see an orc priest.

Vanquished Creatures
  An endoplasm (D:4)
  5 goblins (D:4)
  A hobgoblin (D:4)
7 creatures vanquished.

Notes
Turn   | Place    | Note
-------+----------+-------------------------------------------
     0 | D:5      | Azuregosa the Octopode Delver began the quest for the Orb.
     0 | D:5      | Reached XP level 1. HP: 16/16 MP: 1/1
   102 | D:5      | Found a shimmering blue altar of Sif Muna.
   110 | D:5      | Became a worshipper of Sif Muna the Loreminder
   122 | D:6      | Noticed a bullfrog
   152 | D:4      | Reached skill level 7 in Stealth
   157 | D:4      | Reached XP level 2. HP: 21/21 MP: 2/2
   157 | D:4      | Noticed a scorpion
   207 | D:4      | Killed from afar by an orc priest

Illustrated notes

Levels and vault maps discovered:
D:4:      layout_basic, uniq_blork_the_orc, uniq_robin
D:5:      layout_basic, nicolae_overflow_hidden_temple,
          nicolae_qazlal_eye_of_the_storm, dreamdust_gnoll_farm
D:6:      layout_cave_pools, kennysheep_vampire_church,
          minmay_temple_entry_gardened_gates

Skill      XL: |  1 |
---------------+----+-----
Stealth        | 7 |  7.2
Fighting       | |  3.0
Polearms       | |  2.0
Dodging        | |  2.0

Action                     || total
---------------------------++-------
  Melee: Spear             ||    15
         Constrict         ||     5
         Tentacles         ||     4
   Stab: Sleeping          ||     1
 Armour: Skin              ||     2
  Dodge: Dodged            ||     6

Table legend: (Time is in decaauts)
 A = Elapsed time spent in this place.
 B = Non-inter-level travel time spent in this place.
 C = Inter-level travel time spent in this place.
 D = Time resting spent in this place.
 E = Time spent auto-exploring this place.
 F = Levels seen in this place.
 G = Mean time per level.
                   A        B        C        D        E       F      G
               +--------+--------+--------+--------+--------+-----+--------+
         Total |    206 |    206 |      0 |    100 |      0 |   3 |   68.7 |
       Dungeon |    206 |    206 |      0 |    100 |      0 |   3 |   68.7 |
               +--------+--------+--------+--------+--------+-----+--------+

Top non-repeatable levels by time:
     D:5: 125 daAuts
     D:4: 68 daAuts
     D:6: 11 daAuts
